 Dungeon Crawl Stone Soup version 0.19-a0-675-gf8984cf (webtiles) character file.

19512 George the Severer (level 12, -13/112 HPs)
             Began as a Hill Orc Gladiator on June 16, 2016.
             Was a High Priest of Hepliaklqana.
             Killed from afar by Amnesiac's ghost (39 damage)
             ... with a bolt of negative energy
             ... on level 1 of the Lair of Beasts.
             The game lasted 00:37:57 (13301 turns).

George the Severer (Hill Orc Gladiator)            Turns: 13301, Time: 00:37:58

Health: -13/112    AC: 19    Str: 23    XL:     12   Next: 69%
Magic:  21/21      EV: 11    Int:  8    God:    Hepliaklqana [*****.]
Gold:   680        SH:  0    Dex: 11    Spells: 0 memorised, 11 levels left

rFire  . . .     SeeInvis .     B - +7 executioner's axe (freeze)
rCold  + . .     Gourm    .     W - +1 ring mail "Pyrph" {+Blink MR+}
rNeg   . . .     Faith    .     (shield currently unavailable)
rPois  .         Spirit   .     c - +1 helmet
rElec  .         Dismiss  .     p - +2 cloak
rCorr  .         Reflect  .     H - +0 pair of gloves
SustAt .         Harm     .     N - +0 pair of boots
MR     +....                    (no amulet)
Stlth  ..........               k - ring of protection from cold
                                i - +3 ring of protection

@: confused, heavily drained, somewhat resistant to hostile enchantments,
extremely unstealthy
A: no striking features
a: Recall Ancestor, Ancestor Identity, Transference, Idealise, Renounce
Religion, Evoke Blink


You were on level 1 of the Lair of Beasts.
You worshipped Hepliaklqana.
Hepliaklqana was extremely pleased with you.
You were not hungry.

You visited 3 branches of the dungeon, and saw 14 of its levels.
You also visited: Sewer and Bailey.

You collected 810 gold pieces.
You spent 130 gold pieces at shops.

Inventory:

Hand Weapons
 x - the +8 Wrath of Trog {antimagic, *Rage}
   (You found it in a bailey)

   It reduces the magical energy of the wielder, and disrupts the spells and
   magical abilities of those hit.
   Natural abilities and divine invocations are not affected.
   It may make you go berserk in combat.
 B - a +7 executioner's axe of freezing (weapon)
 R - a +1 flail of venom
Missiles
 d - 6 throwing nets
 P - 15 javelins of returning (quivered)
Armour
 c - a +1 helmet (worn)
 p - a +2 cloak (worn)
 H - a +0 pair of gloves (worn)
 N - a +0 pair of boots (worn)
 O - a +0 crystal plate armour
 W - the +1 ring mail "Pyrph" (worn) {+Blink MR+}
   (You found it on level 8 of the Dungeon)

   It affects your resistance to hostile enchantments.
   It lets you blink.
Jewellery
 i - a +3 ring of protection (left hand)
 k - a ring of protection from cold (right hand)
 U - an uncursed ring of flight
 X - an uncursed ring of ice
 Y - a +4 ring of protection
Wands
 o - a wand of flame (31/48)
 t - a wand of digging (24/24)
 w - a wand of lightning (7/15)
 E - a wand of flame (27/48)
 S - a wand of flame (14/48)
Scrolls
 n - 2 scrolls of teleportation
 u - 2 scrolls of blinking
 v - a scroll of fog
 y - 6 scrolls of remove curse
 L - 2 scrolls of fear
 V - 2 scrolls of immolation
 Z - 3 scrolls of enchant armour
Potions
 h - a potion of ambrosia
 j - 2 potions of flight
 z - a potion of agility {unknown}
 A - 2 potions of resistance
 C - 3 potions of heal wounds
 D - 4 potions of might
 I - a potion of magic
 J - a potion of curing
 K - 5 potions of haste
 M - a potion of cure mutation
 T - a potion of cancellation {unknown}
Comestibles
 b - 2 slices of pizza
 f - 9 bread rations
 F - a royal jelly
 G - 8 meat rations
 Q - a beef jerky


   Skills:
 + Level 12.0(9.8) Fighting
 + Level 15.0(12.6) Axes
 - Level 1.7(0.0) Throwing
 + Level 10.4(8.3) Armour
 - Level 2.4(0.6) Dodging
 + Level 12.6(10.3) Invocations


You had 11 spell levels left.
You didn't know any spells.

Dungeon Overview and Level Annotations

Branches:
Dungeon (12/15)            Temple (1/1) D:4            Lair (1/6) D:10
    Orc (0/2) D:9

Altars:
Ashenzari
Cheibriados
Dithmenos
Elyvilon
Fedhas
Gozag
Hepliaklqana
Kikubaaqudgha
Makhleb
Nemelex Xobeh
Okawaru
Pakellas
Qazlal
Ru
Sif Muna
Trog
Uskayaw
Vehumet
Xom
Yredelemnul
Zin
The Shining One

Shops:
D:8 [?*

Annotations:
Lair:1 Amnesiac's ghost, journeyman DrTm


Message History

Amnesiac's ghost hits you.
* * * LOW HITPOINT WARNING * * *
Septimus points at Amnesiac's ghost and mumbles some strange words.
Amnesiac's ghost resists with almost no effort.
You feel better.
Amnesiac's ghost hits you but does no damage.
Septimus misses Amnesiac's ghost.
You are confused.
You feel invigorated.
Amnesiac's ghost hits you but does no damage.
Septimus points at Amnesiac's ghost and mumbles some strange words.
Amnesiac's ghost resists with almost no effort.
Amnesiac's ghost hits you but does no damage.
Septimus misses Amnesiac's ghost.
You closely miss Amnesiac's ghost. Amnesiac's ghost barely misses you.
Septimus closely misses Amnesiac's ghost.
You bump into the rock wall.
Amnesiac's ghost breathes negative energy at you.
The bolt of negative energy hits you!
You feel drained.
You die...

##...........## #.#..
#............# ###.# #
........###..# #..#
...#.......#...## #...
......###.......# #.
.....#####.##..... #
#....##.†..##.....
......WR........##
....##@........# ... ..
##.......## #.. #..###..## ..#
....##...## ###.# #####..##....#
.#..# ##.8....#.....### ....####
##...............#### ##...P.#
#.8.>.8#............###
#)....#####.....#.[............#


You could see the friendly Septimus the hexer and Amnesiac's ghost.

Vanquished Creatures
  Snorg (D:12)
  A hydra (Lair:1)
  Nergalle (D:10)
  An unseen horror (D:10)
  2 hill giants
  2 cyclopes
  2 centaur zombies
  A gargoyle (D:7)
  2 spiny frogs (Lair:1)
  2 trolls
  2 two-headed ogres
  A vampire (D:11)
  15 yaks
  A shadow (D:12)
  6 hippogriffs
  2 hungry ghosts
  A warg (D:9)
  2 steam dragons
  4 water moccasins
  A porcupine (D:10)
  17 orc warriors
  3 sky beasts
  5 ice beasts
  A black bear (D:10)
  2 phantoms
  A necrophage (D:7)
  A crocodile (Lair:1)
  13 centaurs
  6 big kobolds
  2 giant frogs
  A scorpion (D:7)
  8 wights
  A howler monkey (D:10)
  5 crimson imps
  A giant frog zombie (D:2)
  A quasit (D:10)
  3 jellies
  7 orc priests
  Crazy Yiuf (D:2)
  A centaur skeleton (D:6)
  2 giant frog skeletons
  5 hounds
  A gnoll shaman (D:7)
  3 iguanas
  Natasha (thrice) (D:2)
  14 orc wizards
  5 worker ants
  3 hell rats (D:5)
  11 sheep (Lair:1)
  A hound zombie (D:8)
  9 river rats
  19 adders
  8 gnolls
  A shadow imp (D:10)
  6 oozes (Sewer)
  2 worms (Sewer)
  3 dart slugs
  6 giant geckos
  61 orcs
  3 giant cockroaches
  10 goblins
  6 hobgoblins
  4 jackals
  7 quokkas
  5 ball pythons
  9 bats
  3 giant newts
  26 kobolds
  A quokka skeleton (D:4)
  35 rats
  2 bushes
  2 fungi (D:2)
  2 plants
408 creatures vanquished.

Vanquished Creatures (collateral kills)
  A merfolk (D:12)
  A shadow (D:11)
  A yak (Lair:1)
  3 hippogriffs
  A porcupine (D:10)
  A sky beast (D:11)
  An orc warrior (D:9)
  A black bear (D:7)
  A crocodile (Lair:1)
  3 big kobolds (Sewer)
  An orc priest (D:8)
  A hound (D:9)
  An orc wizard (D:8)
  2 adders
  2 river rats (Sewer)
  3 worms (Sewer)
  5 orcs
  2 kobolds
  3 rats
34 creatures vanquished.

Vanquished Creatures (others)
  3 hexers
  2 fungi (D:10)
  A plant (D:10)
6 creatures vanquished.

Grand Total: 448 creatures vanquished

Notes
Turn   | Place    | Note
--------------------------------------------------------------
     0 | D:1      | George the Hill Orc Gladiator began the quest for the Orb.
     0 | D:1      | Reached XP level 1. HP: 18/18 MP: 1/1
     6 | D:1      | Noticed a redback
     6 | D:1      | Noticed an iguana
     6 | D:1      | Noticed a water moccasin
     7 | D:1      | Noticed a rime drake
     7 | D:1      | Noticed a hog
   224 | D:1      | Reached XP level 2. HP: 21/25 MP: 2/2
   370 | D:1      | Reached skill level 5 in Axes
   842 | D:2      | Reached XP level 3. HP: 30/30 MP: 3/3
   889 | D:2      | Noticed Natasha
   903 | D:2      | Killed Natasha
   903 | D:2      | Reached skill level 6 in Axes
   913 | D:2      | Noticed Natasha
   916 | D:2      | Killed Natasha
   916 | D:2      | Reached XP level 4. HP: 5/37 MP: 4/4
  1315 | D:2      | Found a shadowy altar of Dithmenos.
  1427 | D:2      | Reached skill level 7 in Axes
  1760 | D:2      | Reached XP level 5. HP: 40/42 MP: 5/5
  1820 | D:2      | Noticed Natasha
  1831 | D:2      | Killed Natasha
  2092 | D:2      | Reached skill level 8 in Axes
  2268 | D:2      | Noticed Crazy Yiuf
  2274 | D:2      | Killed Crazy Yiuf
  2363 | D:3      | Reached XP level 6. HP: 39/50 MP: 6/6
  2640 | D:3      | Found an iron altar of Okawaru.
  2887 | D:4      | Reached skill level 9 in Axes
  3190 | D:4      | Found a staircase to the Ecumenical Temple.
  3192 | D:4      | Found a faded altar of an unknown god.
  3202 | Temple   | Entered the Ecumenical Temple
  3246 | Temple   | Became a worshipper of Hepliaklqana
  3466 | D:5      | Entered Level 5 of the Dungeon
  3532 | D:5      | Found a glowing drain.
  3539 | Sewer    | Entered a sewer
  3596 | Sewer    | Reached skill level 1 in Invocations
  3596 | Sewer    | Reached XP level 7. HP: 49/56 MP: 6/8
  3613 | Sewer    | Reached skill level 1 in Armour
  3635 | Sewer    | Reached * piety under Hepliaklqana
  4007 | Sewer    | Reached skill level 10 in Axes
  4238 | D:5      | Reached XP level 8. HP: 66/66 MP: 10/10
  4334 | D:5      | Found a deep blue altar of Sif Muna.
  4335 | D:5      | Found a stormy altar of Qazlal.
  4364 | D:5      | Found a sparkling altar of Nemelex Xobeh.
  4980 | D:5      | Reached skill level 5 in Fighting
  4989 | D:5      | Reached skill level 5 in Invocations
  5281 | D:6      | Reached ** piety under Hepliaklqana
  5283 | D:6      | Remembered your ancestor Septimus as a hexer
  5356 | D:6      | Found a hide-covered altar of Uskayaw.
  5356 | D:6      | Noticed a dagger
  5356 | D:6      | Noticed an enchanted dagger
  5390 | D:6      | Found an ancient bone altar of Kikubaaqudgha.
  5515 | D:6      | Found a glowing golden altar of the Shining One.
  5515 | D:6      | Found a glowing silver altar of Zin.
  5515 | D:6      | Found a white marble altar of Elyvilon.
  6011 | D:7      | Reached *** piety under Hepliaklqana
  6021 | D:7      | Reached skill level 11 in Axes
  6059 | D:7      | Reached XP level 9. HP: 73/75 MP: 13/13
  6078 | D:7      | Noticed a gargoyle
  6109 | D:7      | Killed a gargoyle
  6109 | D:7      | Reached skill level 5 in Armour
  6236 | D:7      | Found a shimmering altar of Xom.
  7090 | D:8      | Reached XP level 10. HP: 77/88 MP: 15/15
  7121 | D:8      | Reached skill level 12 in Axes
  7157 | D:8      | Found Howoill's Assorted Antiques.
  7190 | D:8      | Bought a scroll labeled RUNISI MENAEFU for 26 gold pieces
  7191 | D:8      | Bought a glass wand for 104 gold pieces
  7253 | D:8      | Got a warped ring mail
  7264 | D:8      | Identified the cursed +1 ring mail "Pyrph" {+Blink MR+} (You found it on level 8 of the Dungeon)
  7317 | D:8      | Found Adiugen's Magic Scroll Emporium.
  7422 | D:8      | Found Xuwyseko's Antique Armour Boutique.
  7702 | D:8      | Found a basalt altar of Yredelemnul.
  7767 | D:9      | Found a staircase to the Orcish Mines.
  8183 | D:9      | Reached **** piety under Hepliaklqana
  8522 | D:10     | Entered Level 10 of the Dungeon
  8613 | D:10     | Killed an unseen horror
  8613 | D:10     | Reached skill level 13 in Axes
  8689 | D:10     | Found a staircase to the Lair.
  8691 | D:10     | Reached XP level 11. HP: 89/97 MP: 18/18
  8698 | D:10     | Noticed Nergalle
  8700 | D:10     | Reached skill level 10 in Invocations
  8719 | D:10     | Noticed a hill giant
  8719 | D:10     | Killed Nergalle
  8719 | D:10     | Reached skill level 10 in Fighting
  8745 | D:10     | Killed a hill giant
  8992 | D:10     | Found a flagged portal.
  9000 | Bailey   | Entered a bailey
 10857 | D:11     | Noticed a cyclops
 10865 | D:11     | Killed a cyclops
 11174 | D:11     | Reached skill level 14 in Axes
 11299 | D:11     | Noticed a hill giant
 11305 | D:11     | Killed a hill giant
 11352 | D:11     | Reached XP level 12. HP: 90/108 MP: 20/20
 11381 | D:11     | Got a dazzling long sword
 11382 | D:11     | Identified the +3 long sword "Killer Bee's Foe" {elec, Str+3} (You found it on level 11 of the Dungeon)
 11632 | D:11     | Reached ***** piety under Hepliaklqana
 11897 | D:12     | Noticed Snorg
 11909 | D:12     | Killed Snorg
 12815 | D:12     | Reached skill level 10 in Armour
 12830 | D:12     | Found a glowing golden altar of the Shining One.
 12972 | Lair:1   | Entered Level 1 of the Lair of Beasts
 12991 | Lair:1   | Noticed a seven-headed hydra
 12998 | Lair:1   | Killed an 11-headed hydra
 13290 | Lair:1   | Noticed Amnesiac's ghost (journeyman DrTm)
 13290 | Lair:1   | Reached skill level 15 in Axes
 13296 | Lair:1   | HP: 5/112 [Amnesiac's ghost/bolt of negative energy (29)]
 13296 | Lair:1   | HP: 2/112 [Amnesiac's ghost (3)]
 13301 | Lair:1   | Killed from afar by Amnesiac's ghost

Vault maps used:
D:1:      onia_arrival_zoo_common, minmay_misc_feat_more_columns
D:2:      grunt_dithmenos_smoke, uniq_natasha, uniq_crazy_yiuf_cottage
D:3:      okawaru_altar_gauntlet_db
D:4:      nicolae_temple_entry_ecumenical, kennysheep_small_circle
D:5:      lemuel_ratsnest, gammafunk_temple_overflow_pools,
          nemelex_xobeh_ov_fountains_minmay, lightli_sewer_entry_pipes,
          first_bread, lexackson_kobold_supper
D:6:      good_gods_mini_temple, dancing_weapons_uskayaw,
          kiku_gazebo_pond_becter
D:7:      kennysheep_mini, serial_glass, glass_columns_b, glass_columns_c,
          nrook_mini_vaults
D:8:      marbit_many_paths, serial_shops, nicolae_shop_statue_plus,
          nicolae_shop_trees, shop_fountains
D:9:      erik_orc_4
D:10:     minmay_lair_entry_grove, enter_bailey_2, uniq_nergalle
D:12:     hangedman_fish_farm, grunt_decor_fettered,
          nicolae_tso_swordbearing_angel, uniq_snorg
Temple:   roderic_octagonal_lattice_temple
Lair:1:   nicolae_volcano_entry_batcave, grunt_megastairs_1
Sewer:    sewer_co_tree
Bailey:   bailey_polearm_flooded_kennysheep, bailey

Skill      XL: |  1  2  3  4  5  6  7  8  9 10 11 12 |
---------------+-------------------------------------+-----
Axes           | 5 6 7 8 9 10 11 13 14 15 | 15.0
Invocations    | 1 3 5 7 9 11 12 | 12.6
Fighting       | 4 5 7 9 10 12 | 12.0
Armour         | 2 4 6 7 9 10 | 10.4
Throwing       | |  1.7
Dodging        | |  2.4

Action                   |  1- 3 |  4- 6 |  7- 9 | 10-12 || total
-------------------------+-------+-------+-------+-------++-------
Melee: War axe           |    98 |   190 |   479 |       ||   767
       Hand axe          |       |       |    61 |   350 ||   411
       Executioner's axe |       |       |       |   236 ||   236
Throw: Throwing net      |       |       |       |     4 ||     4
Invok: Ancestor Life: He |       |       |     1 |       ||     1
       Idealise          |       |       |       |     1 ||     1
  Use: Scroll            |       |     4 |    11 |    18 ||    33
       Potion            |       |       |       |     3 ||     3
 Stab: Sleeping          |       |     1 |       |       ||     1
       Distracted        |       |       |     1 |    10 ||    11
       Confused          |       |       |     2 |    11 ||    13
  Eat: Chunk             |       |     8 |    13 |    24 ||    45
Armor: Leather armour    |    51 |    31 |       |       ||    82
       Chain mail        |       |    86 |   280 |    17 ||   383
       Ring mail         |       |       |       |   339 ||   339
Dodge: Dodged            |    88 |   106 |   170 |   377 ||   741
